 Dungeon Crawl Stone Soup version 0.31-a0-1112-ga3593d9213 (webtiles) character file.

Game seed: 3086239700342884914

40 Amateur69 the Trooper (level 3, 0/33 HPs)
             Began as a Draconian Berserker on Dec 4, 2023.
             Was a Follower of Trog.
             Slain by an adder (1 damage)
             ... on level 2 of the Dungeon.
             The game lasted 00:16:28 (2024 turns).

Amateur69 the Trooper (Draconian Berserker)         Turns: 2024, Time: 00:16:28

Health: 0/33       AC:  5    Str: 21    XL:     3   Next: 30%
Magic:  3/3        EV: 12    Int:  7    God:    Trog [*.....]
Gold:   133        SH:  0    Dex: 10    Spells: 2/2 levels left

rFire   x . .        a - +0 falchion
rCold   + . .        (no shield)
rNeg    . . .        (body armour unavailable)
rPois   .            (helmet restricted)
rElec   .            (no cloak)
rCorr   .            (no gloves)
SInv    .            (no boots)
Will    .....        (no amulet)
Stlth   +            s - ring of ice
HPRegen 0.25/turn    (no ring)
MPRegen 0.08/turn

%: no passive effects
@: lethally poisoned (0 -> -1)
A: AC +5, unfitting armour, cold-blooded
a: Renounce Religion, Berserk


You were on level 2 of the Dungeon.
You worshipped Trog.
Trog was aware of your devotion.
You visited 1 branch of the dungeon, and saw 2 of its levels.

You collected 133 gold pieces.

Inventory:

Hand Weapons
 a - a +0 falchion (weapon)
 c - a +0 short sword
 f - a +0 club
 g - a +0 hand axe
 h - a +0 dagger of flaming
 i - a +0 dagger
 m - a +0 short sword
 n - a +0 club
 o - a +0 dagger
 p - a +0 short sword
 t - a +0 club
 u - a +0 falchion
Missiles
 d - 20 stones
 l - 5 poisoned darts (quivered)
Jewellery
 s - a ring of ice (left hand)
Wands
 q - a wand of roots (8)
Scrolls
 b - a scroll of teleportation {unknown}
 e - 2 scrolls of enchant armour {unknown}
 r - a scroll of identify {unknown}
Potions
 j - a potion of brilliance {unknown}
 k - a potion of cancellation {unknown}


   Skills:
 + Level 3.7 Fighting
 + Level 3.7 Long Blades
 + Level 3.0 Dodging
 + Level 0.2 Stealth


You had 2 spell levels left.
You didn't know any spells.
Your spell library contained the following spells:

 Spells                   Type           Power      Damage    Failure   Level
 Sandblast                Erth           0%         2d4       43%         1
 Passwall                 Tmut/Erth      0%         N/A       56%         2
 Stone Arrow              Conj/Erth      0%         3d7       80%         3
 Brom's Barrelling Bould  Conj/Erth      0%         2d3       99%         4


Dungeon Overview and Level Annotations

Branches:
Dungeon (2/15)

Altars:


Innate Abilities, Weirdness & Mutations

Your plain brown scales are hard. (AC +5)
You cannot fit into any form of body armour.
You are cold-blooded and may be slowed by cold attacks.


Message History

You barely miss the adder. The adder bites you. The adder closely misses you.
You completely miss the adder.
Your tail-slap misses the adder.
You closely miss the adder. The adder barely misses you. The worm bites you.
You barely miss the adder. The adder barely misses you.
The adder completely misses you.
You barely miss the worm. The adder bites you but does no damage.
The worm bites you. The kobold closely misses you.
You barely miss the worm. The adder bites you.
You are poisoned.
The adder poisons you! The worm barely misses you.
The kobold closely misses you. The adder bites you but does no damage.
You hit the worm.
The worm is moderately wounded.
You feel sick. The adder bites you.
The kobold hits you with a +0 short sword.
The worm bites you!
You barely miss the worm.
The worm is moderately wounded.
You feel sick. The adder barely misses you.
The kobold hits you but does no damage.
You hit the worm but do no damage.
Your tail-slap misses the worm.
The worm is moderately wounded.
You feel sick. The adder bites you but does no damage.
The kobold hits you with a +0 short sword.
The worm bites you!
* * * LOW HITPOINT WARNING * * *
The adder misses you.
You hit the worm.
You tail-slap the worm, but do no damage.
The worm is moderately wounded.
* * * LOW HITPOINT WARNING * * *
You feel sick. The adder bites you but does no damage.
The kobold barely misses you. The worm barely misses you.
You hit the worm.
You tail-slap the worm, but do no damage.
The worm is severely wounded.
* * * LOW HITPOINT WARNING * * *
You feel sick. The adder bites you but does no damage.
The kobold hits you but does no damage. The adder bites you.
You die...

#####..# ##..#.....# #.##
#......#)###.#.....# #...
#......#..######'### #...
#......+...# #...†.## +...
#......#....###.....## #...
#......#.....###.....## #..#
#######'.##.....###.....## #..#
#........# #.SwK.###.....###..#
#........#####@#######'####..##
#............................#
#........###........#....#####
#........# #........#....#
#........# #........######
#........# #........#
########## #........#
##########


You could see a worm, an adder and a kobold.

Vanquished Creatures
  A dart slug (D:1)
  2 bats
  4 endoplasms (D:1)
  2 giant cockroaches
  2 goblins (D:1)
  4 hobgoblins
  4 jackals (D:1)
  5 ball pythons
  4 frilled lizards
  5 kobolds
  2 rats
35 creatures vanquished.

Notes
Turn   | Place    | Note
-------+----------+-------------------------------------------
     0 | D:1      | Amateur69 the Draconian Berserker began the quest for the
                  | Orb.
     0 | D:1      | Reached XP level 1. HP: 19/19 MP: 1/1
   176 | D:1      | Reached XP level 2. HP: 26/26 MP: 2/2
  1325 | D:2      | Reached XP level 3. HP: 33/33 MP: 3/3
  2024 | D:2      | HP: 1/33 [poisoned by an adder]
  2024 | D:2      | Slain by an adder

Illustrated notes

Levels and vault maps discovered:
D:1:      lightli_arrival_noodles, layout_loops_ring
D:2:      minmay_door_path, layout_basic, basic_altar, minmay_quadrilaterals

Skill      XL: |  1  2 |
---------------+-------+-----
Dodging        | 3 |  3.0
Fighting       | |  3.7
Long Blades    | |  3.7
Stealth        | |  0.2

Action                     || total
---------------------------++-------
  Melee: Falchion          ||   105
         Tailslap          ||     9
 Armour: Skin              ||    64
  Dodge: Dodged            ||    82

Table legend: (Time is in decaauts)
 A = Elapsed time spent in this place.
 B = Non-inter-level travel time spent in this place.
 C = Inter-level travel time spent in this place.
 D = Time resting spent in this place.
 E = Time spent auto-exploring this place.
 F = Levels seen in this place.
 G = Mean time per level.
                   A        B        C        D        E       F      G
               +--------+--------+--------+--------+--------+-----+--------+
         Total |   2037 |   2019 |     18 |      0 |      0 |   2 | 1018.5 |
       Dungeon |   2037 |   2019 |     18 |      0 |      0 |   2 | 1018.5 |
               +--------+--------+--------+--------+--------+-----+--------+

Top non-repeatable levels by time:
     D:1: 1256 daAuts
     D:2: 780 daAuts
